 Dungeon Crawl Stone Soup version 0.29.1-15-g9cfb28693d (webtiles) character file.

Game seed: 3914337650195803277

594 Grohoret the Shield-Bearer (level 7, 0/60 HPs)
             Began as a Minotaur Fighter on Mar 29, 2023.
             Slain by a gnoll
             ... wielding a +0 halberd
             ... led by a gnoll bouda
              (15 damage)
             ... on level 5 of the Dungeon.
             The game lasted 00:10:56 (5416 turns).

Grohoret the Shield-Bearer (Minotaur Fighter)       Turns: 5416, Time: 00:10:58

Health: 0/60       AC:  7    Str: 19    XL:     7   Next: 16%
Magic:  6/6        EV:  9    Int:  3    God:
Gold:   259        SH:  5    Dex: 11    Spells: 6/6 levels left

rFire   + . .      SeeInvis .   a - +0 long sword
rCold   . . .      Faith    .   c - +0 buckler
rNeg    . . .      Spirit   .   b - +0 scale mail
rPois   .          Reflect  .   (helmet unavailable)
rElec   .          Harm     .   (no cloak)
rCorr   .          Rampage  .   (no gloves)
Will    +....                   (no boots)
Stlth   ..........              (no amulet)
HPRegen 0.20/turn               i - ring of willpower
MPRegen 0.10/turn               h - ring of protection from fire

@: no status effects
A: horns 3, retaliatory headbutt, dopey 1, weak 1
a: no special abilities


You were on level 5 of the Dungeon.
You visited 1 branch of the dungeon, and saw 5 of its levels.

You collected 259 gold pieces.

Inventory:

Hand Weapons
 a - a +0 long sword (weapon)
Armour
 b - a +0 scale mail (worn)
 c - a +0 buckler (worn)
Jewellery
 h - a ring of protection from fire (right hand)
 i - a ring of willpower (left hand)
Wands
 n - a wand of roots (14)
 o - a wand of flame (21)
 u - a wand of paralysis (11)
Scrolls
 f - a scroll of blinking {unknown}
 g - 4 scrolls of teleportation
 j - a scroll of magic mapping {unknown}
 l - 3 scrolls of noise {unknown}
 m - 2 scrolls of enchant armour {unknown}
 q - a scroll of fog {unknown}
 r - a scroll of amnesia {unknown}
 s - a scroll of acquirement {unknown}
Potions
 d - a potion of heal wounds {unknown}
 k - a potion of degeneration {unknown}
 p - a potion of cancellation {unknown}
 t - a potion of attraction {unknown}


   Skills:
 + Level 4.8 Fighting
 + Level 5.1 Long Blades
 + Level 5.9 Armour
 + Level 6.7 Shields


You had 6 spell levels left.
You didn't know any spells.
Your spell library contained the following spells:

 Spells                   Type           Power      Damage    Failure   Level
 Beastly Appendage        Tmut           0%         N/A       91%         1
 Foxfire                  Conj/Fire      0%         2x1d4     91%         1
 Wereblood                Tmut           0%         N/A       97%         2
 Conjure Flame            Conj/Fire      0%         6-21      99%         3
 Dazzling Flash           Conj/Hex       0%         N/A       99%         3
 Inner Flame              Hex/Fire       0%         N/A       99%         3
 Spider Form              Tmut/Pois      0%         N/A       99%         3
 Flame Wave               Conj/Fire      0%         2d4       100%        4
 Agony                    Necr           0%         N/A       100%        5
 Silence                  Hex/Air        0%         N/A       100%        5


Dungeon Overview and Level Annotations

Branches:
Dungeon (5/15)
 Temple: D:4-7

Altars:


Innate Abilities, Weirdness & Mutations

You have a pair of large horns on your head.
You reflexively headbutt those who attack you in melee.
You are dopey. (Int -2)
You are weak. (Str -2)


Message History

You feel your attacks grow feeble.
Your attacks no longer feel as feeble.
There is a stone staircase leading up here.
The gnoll barely misses you. The gnoll closely misses you.
The gnoll hits you but does no damage. You block the gnoll's attack.
The gnoll hits you but does no damage.
The gnoll bouda gazes fiercely through you!
You feel your attacks grow feeble.
You climb upwards.
There is a stone staircase leading down here.
You hit the gnoll but do no damage. You headbutt the gnoll!
The gnoll is severely wounded.
The gnoll closely misses you.
You hit the gnoll.
You kill the gnoll!
Your attacks no longer feel as feeble.
No target in view!
No target in view!
You start waiting.
Done waiting.
You climb downwards.
The gnoll shouts!
The gnoll bouda barks out a call to the hunt!
The gnolls pick up the pace!
There is a stone staircase leading up here.
The gnoll hits you from afar with a +0 halberd.
The gnoll bouda hits you with a +0 club.
You hit the gnoll bouda. You headbutt the gnoll bouda.
The gnoll bouda is moderately wounded.
The gnoll hits you from afar with a +0 halberd.
The gnoll hits you but does no damage.
The gnoll hits you from afar with a +0 halberd!
You closely miss the gnoll bouda.
The gnoll bouda is moderately wounded.
The gnoll bouda hits you with a +0 club.
The gnoll hits you from afar with a +0 halberd!
* * * LOW HITPOINT WARNING * * *
The gnoll hits you from afar with a +0 halberd!
You die...

##+## #...# #...#
#...# ##'#######
##.....g..#
#....#.g.g#
+..g.#...@#
###..#...<########
#g.##...........
#.g.#...........
#...#...........
#...#...........
#...+...........
###'#...........
....##########


You could see a gnoll bouda and 2 gnolls.

Vanquished Creatures
  Grinder (D:4)
  A scorpion (D:4)
  A howler monkey (D:4)
  An orc priest (D:3)
  A hound (D:4)
  An iguana (D:4)
  Natasha (thrice) (D:3)
  An orc wizard (D:3)
  2 adders (D:2)
  A gnoll (D:4)
  3 worms
  A dart slug (D:1)
  13 orcs
  3 ball pythons
  4 bats (D:3)
  8 endoplasms
  2 giant cockroaches
  8 goblins
  5 hobgoblins
  6 jackals
  3 quokkas
  2 frilled lizards
  6 kobolds
  4 rats
81 creatures vanquished.

Vanquished Creatures (others)
  An orc (D:4)
1 creature vanquished.

Grand Total: 82 creatures vanquished

Notes
Turn   | Place    | Note
-------+----------+-------------------------------------------
     0 | D:1      | Grohoret the Minotaur Fighter began the quest for the Orb.
     0 | D:1      | Reached XP level 1. HP: 19/19 MP: 0/0
   113 | D:1      | Reached skill level 4 in Shields
   194 | D:1      | Reached XP level 2. HP: 23/26 MP: 1/1
   934 | D:2      | Reached XP level 3. HP: 26/31 MP: 2/2
  1712 | D:3      | Reached XP level 4. HP: 10/39 MP: 3/3
  1713 | D:3      | Reached skill level 5 in Shields
  2009 | D:3      | Identified the +2 robe of the Onion {-Cast Harm SInv}
  2339 | D:3      | Noticed Natasha
  2352 | D:3      | Killed Natasha
  2353 | D:3      | Reached XP level 5. HP: 28/45 MP: 4/4
  2897 | D:3      | Noticed Natasha
  2908 | D:3      | Killed Natasha
  4030 | D:3      | Noticed Natasha
  4033 | D:3      | Killed Natasha
  4034 | D:3      | Reached skill level 5 in Armour
  4034 | D:3      | Reached skill level 6 in Shields
  4155 | D:4      | Reached XP level 6. HP: 38/52 MP: 5/5
  4354 | D:4      | Gained mutation: You are strong-willed. (Will+) [potion of
                  | mutation]
  4354 | D:4      | Gained mutation: You have a pair of large horns on your
                  | head. [potion of mutation]
  4354 | D:4      | Gained mutation: Your mind is acute. (Int +4, Str/Dex -1)
                  | [potion of mutation]
  4355 | D:4      | Lost mutation: You have a pair of large horns on your head.
                  | [potion of mutation]
  4355 | D:4      | Lost mutation: You are strong-willed. (Will+) [potion of
                  | mutation]
  4355 | D:4      | Lost mutation: Your mind is acute. (Int +4, Str/Dex -1)
                  | [potion of mutation]
  4355 | D:4      | Gained mutation: You have hidden genetic defects. [potion
                  | of mutation]
  4355 | D:4      | Gained mutation: You have a pair of large horns on your
                  | head. [potion of mutation]
  4968 | D:4      | Noticed Grinder
  4975 | D:4      | Gained mutation: You are dopey. (Int -2) [hidden defects]
  5000 | D:4      | Killed Grinder
  5001 | D:4      | Reached skill level 5 in Long Blades
  5001 | D:4      | Reached XP level 7. HP: 60/60 MP: 6/6
  5003 | D:4      | Gained mutation: You are weak. (Str -2) [hidden defects]
  5003 | D:4      | Lost mutation: You have hidden genetic defects. [hidden
                  | defects expressed]
  5268 | D:5      | Entered Level 5 of the Dungeon
  5416 | D:5      | Slain by a gnoll

Illustrated notes

Levels and vault maps discovered:
D:1:      giann_bridges, layout_loops_ring, minmay_tetromino_l2
D:2:      layout_loops_ring
D:3:      layout_basic, kennysheep_cross_bottleneck, chequers_garden,
          uniq_natasha
D:4:      layout_basic, lemuel_flame_loot_1, uniq_grinder
D:5:      layout_gridville

Skill      XL: |  1  2  3  4  5  6 |
---------------+-------------------+-----
Shields        | 4 5 6 |  6.7
Armour         | 4 5 |  5.9
Long Blades    | 3 4 5 |  5.1
Fighting       | 4 |  4.8

Action                   |  1- 3 |  4- 6 |  7- 9 || total
-------------------------+-------+-------+-------++-------
Melee: Long sword        |    99 |   125 |     9 ||   233
       Headbutt          |    17 |    13 |     4 ||    34
Evoke: Wand              |     2 |     2 |       ||     4
  Use: Scroll            |     2 |     1 |       ||     3
       Potion            |     2 |     4 |       ||     6
Armor: Scale mail        |    49 |    41 |     5 ||    95
       Skin              |       |     8 |       ||     8
Dodge: Dodged            |    40 |    43 |     7 ||    90
Block: Buckler           |    24 |    33 |     1 ||    58
